 Dungeon Crawl Stone Soup version 0.30.1-8-g117510f58f (webtiles) character file.

Game seed: 4655975870690541254

67 HagarQim the Digger (level 4, 0/27 HPs)
             Began as an Octopode Earth Elementalist on Sept 22, 2023.
             Was an Initiate of Ashenzari.
             Succumbed to an adder's poison
             ... on level 3 of the Dungeon on Sept 23, 2023.
             The game lasted 00:07:31 (1731 turns).

HagarQim the Digger (Octopode Earth Elementalist)   Turns: 1731, Time: 00:07:32

Health: 0/27       AC:  1    Str:  7    XL:     4   Next: 16%
Magic:  7/7        EV: 13    Int: 19    God:    Ashenzari [......]
Gold:   136        SH:  0    Dex: 12    Spells: 7/8 levels left

rFire   . . .        d - +0 dagger
rCold   . . .        (no shield)
rNeg    . . .        (helmet restricted)
rPois   .            (no amulet)
rElec   .            (no ring)
rCorr   .            (no ring)
SInv    .            (no ring)
Will    .....        (no ring)
Stlth   +++          (no ring)
HPRegen 0.24/turn    (no ring)
MPRegen 0.10/turn    (no ring)
                     (no ring)

%: no passive effects
@: lethally poisoned (0 -> -1)
A: almost no armour, amphibious, 8 rings, camouflage 1, gelatinous body 1,
(nimble swimmer 1), tentacles
a: Renounce Religion, Curse Item


You were on level 3 of the Dungeon.
You worshipped Ashenzari.
Ashenzari was noncommittal.
You visited 1 branch of the dungeon, and saw 3 of its levels.

You collected 136 gold pieces.

Inventory:

Hand Weapons
 d - a +0 dagger (weapon)
Wands
 l - a wand of roots (11)
Scrolls
 b - a scroll of fear {unknown}
 e - 4 scrolls of identify {unknown}
 f - a scroll of torment {unknown}
 g - a scroll of vulnerability {unknown}
 j - a scroll of magic mapping {unknown}
 k - a scroll of brand weapon {unknown}
Potions
 a - 2 potions of magic
 c - 2 potions of curing {unknown}
 h - a potion of haste {unknown}
 i - 2 potions of degeneration {unknown}


   Skills:
 + Level 2.4 Dodging
 + Level 3.1 Stealth
 + Level 2.5 Spellcasting
 + Level 1.1 Transmutations
 + Level 4.0 Earth Magic


You had 7 spell levels left.
You knew the following spells:

 Your Spells              Type           Power      Damage    Failure   Level
a - Sandblast             Erth           34%        2d9       3%          1

Your spell library contained the following spells:

 Spells                   Type           Power      Damage    Failure   Level
 Passwall                 Tmut/Erth      10%        N/A       9%          2
 Freeze                   Ice            8%         1d3       16%         1
 Stone Arrow              Conj/Erth      20%        3d8       21%         3
 Frozen Ramparts          Ice            4%         1d1       43%         3
 Hailstorm                Conj/Ice       2%         3d3       43%         3
 Petrify                  Tmut/Erth      12%        N/A       50%         4


Dungeon Overview and Level Annotations

Branches:
Dungeon (3/15)

Altars:
Ashenzari
Qazlal

Shops:
D:2 [


Innate Abilities, Weirdness & Mutations

You cannot wear most types of armour.
You are amphibious.
You can wear up to eight rings at the same time.
Your skin changes colour to match your surroundings (Stealth+).
Your rubbery body absorbs attacks. (AC +1, EV +1)
((You are camouflaged when in or above water. (Stealth+)))
You have tentacles for arms and can constrict up to eight enemies at once.


Message History

Found 13 gold pieces.
A frilled lizard and a gnoll come into view.
The gnoll is wielding a +0 heavy flail.
Found 9 gold pieces.
An endoplasm comes into view.
The helpless adder fails to defend itself.
You puncture the adder! You grab the adder.
The adder is severely wounded.
You constrict the adder, but do no damage.
The adder bites you. x2
You hit the adder but do no damage.
The adder is severely wounded.
You constrict the adder, but do no damage.
The adder bites you.
You are poisoned.
The adder poisons you!
You completely miss the adder.
The adder is severely wounded.
You constrict the adder.
You feel sick. The adder bites you.
You are lethally poisoned!
The adder poisons you!
You hit the adder.
You kill the adder!
* * * LOW HITPOINT WARNING * * *
You feel sick.
You have reached level 4!
* * * LOW HITPOINT WARNING * * *
You feel sick.
* * * LOW HITPOINT WARNING * * *
You feel sick.
* * * LOW HITPOINT WARNING * * *
You feel sick.
The helpless endoplasm fails to defend itself.
You puncture the endoplasm!
You kill the endoplasm!
* * * LOW HITPOINT WARNING * * *
You feel sick.
* * * LOW HITPOINT WARNING * * *
You feel sick.
You die...

... #.......[.
...l.####.......##
.8.$............#
....####........# .
......$.........#
..
.####.....###..##.#
#.###.# ..... ...
#.###..# ....#
#...@..#
.g.#######..#..#
............# ....
#######..# ##..
##.. . ####


There were no monsters in sight!

Vanquished Creatures
  An adder (D:3)
  2 worms (D:2)
  2 dart slugs (D:1)
  2 orcs (D:3)
  3 ball pythons
  3 endoplasms
  A giant cockroach (D:1)
  2 goblins (D:1)
  2 hobgoblins (D:1)
  5 jackals (D:1)
  2 kobolds
  8 quokkas
  3 bats
  2 frilled lizards
  5 rats
43 creatures vanquished.

Notes
Turn   | Place    | Note
-------+----------+-------------------------------------------
     0 | D:1      | HagarQim the Octopode Earth Elementalist began the quest
                  | for the Orb.
     0 | D:1      | Reached XP level 1. HP: 11/11 MP: 3/3
   153 | D:1      | Reached XP level 2. HP: 12/17 MP: 1/5
   511 | D:1      | Reached XP level 3. HP: 21/21 MP: 3/6
   650 | D:1      | Found a faded altar of an unknown god.
   658 | D:1      | Prayed at the altar of an unknown god.
   658 | D:1      | Became a worshipper of Ashenzari the Shackled
  1158 | D:2      | Identified the +0 ring mail of Lightning Storm {Rampage rF-
                  | rC+++ Dex-2}
  1308 | D:2      | Found Xat Ymm's Armour Shoppe.
  1380 | D:2      | Found a stormy altar of Qazlal.
  1667 | D:3      | Reached skill level 4 in Earth Magic
  1726 | D:3      | Reached XP level 4. HP: 7/27 MP: 7/7
  1730 | D:3      | HP: 1/27 [poisoned by an adder]
  1731 | D:3      | Succumbed to an adder's poison

Illustrated notes

Levels and vault maps discovered:
D:1:      minmay_arrival_hallway, layout_loops_ring,
          hellmonk_ecumenical_altar_dog_temple, grunt_decor_resistance
D:2:      layout_loops_ring, basic_altar, serial_shops, shop
D:3:      layout_rooms, serial_undead, serial_undead_a, serial_undead_c,
          serial_undead_d, serial_undead_a, serial_undead_d, serial_undead_b,
          serial_undead_d, st_stairs_3

Skill      XL: |  1  2  3 |
---------------+----------+-----
Stealth        | 3 |  3.1
Earth Magic    | 4 |  4.0
Dodging        | |  2.4
Spellcasting   | |  2.5
Transmutations | |  1.1

Action                     |  1- 3 |  4- 6 || total
---------------------------+-------+-------++-------
  Melee: Constrict         |     5 |       ||     5
         Unarmed           |     1 |       ||     1
         Dagger            |    16 |     1 ||    17
         Tentacles         |     2 |       ||     2
         Punch             |     1 |       ||     1
   Cast: Sandblast         |    46 |       ||    46
   Stab: Sleeping          |     4 |     1 ||     5
 Armour: Skin              |     2 |       ||     2
  Dodge: Dodged            |    18 |       ||    18
